 Dungeon Crawl Stone Soup version 0.17-a0-1468-gbf503c2 (webtiles) character file.

2547 abixa the Basher (level 9, -2/98 HPs)
             Began as an Ogre Gladiator on July 1, 2015.
             Slain by a killer bee (6 damage)
             ... on level 7 of the Dungeon.
             The game lasted 00:23:02 (8753 turns).

abixa the Basher (Ogre Gladiator)                   Turns: 8753, Time: 00:23:02

Health: -2/98      AC:  4    Str: 22    XL:     9   Next: 56%
Magic:  9/9        EV: 10    Int: 10    God:
Gold:   419        SH:  0    Dex: 10    Spells: 0 memorised, 8 levels left

rFire  . . .     SeeInvis .     R - +0 blowgun
rCold  . . .     Clarity  .     b - +0 robe
rNeg   + . .     SustAt   .     (no shield)
rPois  .         Gourm    .     c - +0 hat
rElec  .         Spirit   .     C - +0 cloak
rCorr  .         Warding  .     (gloves unavailable)
rMut   +         Stasis   .     (boots unavailable)
MR     .....                    M - amulet of resist mutation
Stlth  +.........               (no ring)
                                r - ring of positive energy

@: lethally poisoned (-2 -> -3), not resistant to hostile enchantments, very
unstealthy
A: unfitting armour, tough skin 1
a: no special abilities


You were on level 7 of the Dungeon.
You were not hungry.

You visited 1 branch of the dungeon, and saw 7 of its levels.

You collected 419 gold pieces.

Inventory:

Hand weapons
 a - a +2 dire flail
 i - a +0 hunting sling
 L - a +0 trident of venom
 N - a cursed -1 giant spiked club
 R - a +0 blowgun (weapon)
Missiles
 d - 3 throwing nets
 g - 3 steel sling bullets
 l - 159 stones
 o - 17 arrows of dispersal
 t - 87 arrows
 z - 59 sling bullets
 G - 5 large rocks
 I - 19 poisoned needles (quivered)
 J - 51 bolts
 Q - 3 tomahawks
 X - 7 curare-tipped needles
Armour
 b - a +0 robe (worn)
 c - a +0 hat (worn)
 C - a +0 cloak (worn)
Jewellery
 r - a ring of positive energy (left hand)
 M - an amulet of resist mutation (around neck)
Magical devices
 P - a wand of fire (9)
 T - a wand of slowing (17)
Scrolls
 f - a scroll of fear {unknown}
 h - 3 scrolls of amnesia {unknown}
 m - 4 scrolls of recharging {unknown}
 n - a scroll of noise {unknown}
 q - 3 scrolls of teleportation {unknown}
 s - 10 scrolls of identify {unknown}
 y - 6 scrolls of remove curse {unknown}
 A - 2 scrolls of enchant armour {unknown}
 D - 3 scrolls of blinking {unknown}
 E - a scroll of enchant weapon {unknown}
 F - 2 scrolls of immolation {unknown}
 K - 2 scrolls of magic mapping {unknown}
Potions
 k - 2 potions of flight {unknown}
 p - a potion of cancellation {unknown}
 u - 6 potions of curing
 w - 2 potions of agility {unknown}
 x - 3 potions of degeneration {unknown}
 H - 3 potions of invisibility {unknown}
 O - a potion of poison {unknown}
 S - a potion of resistance {unknown}
 U - a potion of heal wounds {unknown}
 V - a potion of brilliance {unknown}
Books
 W - a book of Enchantments

   Spells                             Type                      Level
   a - Cause Fear                     Hexes                        4
   b - Silence                        Hexes/Air                    5
   c - Deflect Missiles               Charms/Air                   6
   d - Haste                          Charms                       6
   e - Discord                        Hexes                        8
Comestibles
 e - 8 bread rations
 j - a royal jelly
 v - 4 slices of pizza
 B - 3 meat rations
 Y - 4 chunks of flesh


   Skills:
 - Level 9.2 Fighting
 - Level 11.2 Maces & Flails
 + Level 7.9 Throwing
 - Level 2.6 Dodging


You had 8 spell levels left.
You didn't know any spells.

Dungeon Overview and Level Annotations

Branches:
Dungeon (7/15)
 Temple: D:4-7

Altars:
Cheibriados
Elyvilon
Fedhas
Nemelex Xobeh
Qazlal
Trog
Xom

Shops:
D:5 (

Annotations:
D:2 Sigmund
D:7 !ice statue, exclusion: ice statue


Innate Abilities, Weirdness & Mutations

You are too large for most types of armour.
You have tough skin (AC +1).


Message History

You feel sick.
You feel sick.
You feel sick.
Firing (i - inventory. (,) - cycle):
I - 20 poisoned needles (quivered)
Press: ? - help, Shift-Dir - straight line, f/p - killer bee
Aim: a killer bee You shoot a poisoned needle.
The poisoned needle hits the killer bee!
The killer bee is poisoned.
You feel sick.
The killer bee stings you but does no damage.
The killer bee stings you.
* * * LOW HITPOINT WARNING * * *
The killer bee misses you.
Found a club.
You feel sick. The killer bee stings you!
* * * LOW HITPOINT WARNING * * *
Found a meat ration.
The killer bee stings you.
You die...

## >.. .... ####### .....
##########......
......####..........##...
.......@y....9...........
..).(.####......######...
......( ######(.# ##.#
.%.. #.. ##.# ### ...
#..#### #.### # ##
#!...## #...# ## #..#
###y# ###( ##.## #.###.(y
#.y# #....9##


You could see a gargoyle and a killer bee.

Vanquished Creatures
  Joseph (D:7)
  Prince Ribbit (D:5)
  A hippogriff (D:5)
  4 ogres
  An eye of draining (D:6)
  2 centaurs
  Blork the orc (D:5)
  2 giant frogs
  2 scorpions
  4 killer bees
  8 wights
  2 crimson imps
  Ijyb (D:3)
  A centaur skeleton (D:6)
  A giant frog zombie (D:6)
  A gnoll shaman (D:6)
  An iguana (D:4)
  A worker ant (D:4)
  A hound zombie (D:6)
  6 gnolls
  A worker ant zombie (D:5)
  6 adders
  2 shadow imps (D:6)
  5 oozes
  2 adder skeletons
  6 worms
  6 giant geckos
  6 orcs
  4 ball pythons
  7 bats
  8 giant cockroaches
  7 goblins
  16 hobgoblins
  8 jackals
  13 kobolds
  3 quokkas
  6 giant newts
  A quokka skeleton (D:5)
  34 rats
183 creatures vanquished.

Vanquished Creatures (others)
  A gnoll (D:6)
1 creature vanquished.

Grand Total: 184 creatures vanquished

Notes
Turn   | Place    | Note
--------------------------------------------------------------
     0 | D:1      | abixa the Ogre Gladiator began the quest for the Orb.
     0 | D:1      | Reached XP level 1. HP: 22/22 MP: 1/1
    75 | D:1      | Reached XP level 2. HP: 19/29 MP: 2/2
    92 | D:1      | Reached skill level 5 in Maces & Flails
   399 | D:1      | Reached XP level 3. HP: 34/36 MP: 3/3
  1055 | D:2      | Reached skill level 6 in Maces & Flails
  1138 | D:2      | Noticed Sigmund
  1315 | D:2      | Reached XP level 4. HP: 44/44 MP: 4/4
  1759 | D:1      | Reached skill level 7 in Maces & Flails
  1912 | D:2      | Reached XP level 5. HP: 46/52 MP: 5/5
  2886 | D:3      | Noticed Ijyb
  2901 | D:3      | Killed Ijyb
  3172 | D:4      | Noticed a centaur
  3291 | D:4      | Noticed an ogre
  3541 | D:4      | Killed a centaur
  3541 | D:4      | Reached skill level 8 in Maces & Flails
  3541 | D:4      | Reached XP level 6. HP: 13/63 MP: 6/6
  4064 | D:4      | Found a blossoming altar of Fedhas.
  4091 | D:4      | Noticed an ogre
  4100 | D:4      | Killed an ogre
  4100 | D:4      | Reached skill level 5 in Fighting
  4337 | D:4      | Reached XP level 7. HP: 72/72 MP: 7/7
  4472 | D:4      | Killed an ogre
  5032 | D:5      | Entered Level 5 of the Dungeon
  5096 | D:5      | Found Quesk's Weapon Shop.
  5140 | D:5      | Noticed Blork the orc
  5181 | D:5      | Killed Blork the orc
  5181 | D:5      | Reached skill level 9 in Maces & Flails
  5641 | D:5      | Noticed Prince Ribbit
  5727 | D:5      | Killed Prince Ribbit
  5727 | D:5      | Reached XP level 8. HP: 46/84 MP: 8/8
  6019 | D:5      | Noticed a hippogriff
  6028 | D:5      | Killed a hippogriff
  6076 | D:5      | Reached skill level 5 in Throwing
  6192 | D:6      | Found a shimmering altar of Xom.
  6232 | D:5      | Reached skill level 10 in Maces & Flails
  6508 | D:6      | Found a stormy altar of Qazlal.
  7175 | D:6      | Found a white marble altar of Elyvilon.
  7180 | D:6      | Reached XP level 9. HP: 78/97 MP: 9/9
  7549 | D:6      | Found a bloodstained altar of Trog.
  7825 | D:7      | Noticed Joseph
  7985 | D:7      | Found a snail-covered altar of Cheibriados.
  8055 | D:7      | Found a sparkling altar of Nemelex Xobeh.
  8099 | D:7      | Noticed an ice statue
  8148 | D:7      | Noticed a gargoyle
  8324 | D:7      | Killed Joseph
  8324 | D:7      | Reached skill level 11 in Maces & Flails
  8752 | D:7      | HP: 3/98 [killer bee (8)]
  8753 | D:7      | Slain by a killer bee

Vault maps used:
D:1:      dpeg_arrival_connections
D:2:      first_bread, minmay_rat_hole, uniq_sigmund
D:3:      uniq_iyjb
D:4:      grunt_ministairs_2, fedhas_altar_4
D:5:      serial_shops, shop, minmay_misc_feat_tiny, uniq_prince_ribbit1,
          uniq_blork_the_orc
D:6:      grunt_temple_overflow_open, trog_eyes_of_draining, grunt_qazlal_clouds
D:7:      lemuel_ice_statue, nemelex_xobeh_ov_fountains_minmay,
          minmay_temple_entry_from_below_a, basic_altar, hex_intersection,
          uniq_joseph, uniq_menkaure

Action                   |  1- 3 |  4- 6 |  7- 9 || total
-------------------------+-------+-------+-------++-------
Melee: Flail             |   104 |   219 |    51 ||   374
       Dire flail        |       |       |   201 ||   201
 Fire: Blowgun           |       |       |    24 ||    24
Throw: Stone             |    12 |    43 |    40 ||    95
 Stab: Sleeping          |     1 |     1 |     1 ||     3
       Distracted        |       |       |     1 ||     1
  Eat: Chunk             |     1 |    10 |    11 ||    22
       Beef jerky        |       |       |     1 ||     1
       Pizza             |       |       |     1 ||     1
